Islanders vs Capitals

Created - November 3, 2024 at 20:37

Goals
1 2 3 T
Islanders 1 2 2 5
Capitals 2 1 1 4
Shots
1 2 3 T
Islanders 5 10 13 28
Capitals 15 10 7 32

1st period

1. Capitals , Patrick Kane 2 (Brandon Gormley 2, Cory Schneider) at 9:45
2. Capitals , Patrick Kane 3 (Taylor Hall 1, Nicklas Backstrom 3) at 12:18
3. Islanders , Vladimir Tarasenko 1 (Brock McGinn 3, Brayden Schenn 5) at 18:29

Penalties :
Ryan Ellis (NyI) for Tripping (Minor) at 1:50, Adam Fox (NyI) for Tripping (Minor) at 5:47, Taylor Hall (Was) for High sticking (Minor) at 13:35

2nd period

4. Islanders , Jamie Arniel 1 (Adam Fox 3, Emerson Etem 2) at 6:18
5. Capitals , Steve Downie 1 (Sergey Kalinin 1, Mike Green 1) at 9:27
6. Islanders , Garnet Hathaway 2 (Brandon Sutter 2, Kellan Lain 4) at 13:37

Penalties :
Phil Kessel (Was) for Holding (Minor) at 3:51, Emerson Etem (NyI) for Tripping (Minor) at 14:10

3rd period

7. Islanders , Brandon Sutter 5 (Ryan Ellis 6, Garnet Hathaway 4) at 1:26 (PP)
8. Capitals , Taylor Hall 3 (Jujhar Khaira 1, Colten Teubert 2) at 4:38
9. Islanders , Michael Latta 1 (Yann Sauvé 1) at 17:33 (PP)

Penalties :
Alexei Marchenko (Was) for Interference (Minor) at 0:48, Taylor Hall (Was) for Boarding (Minor) at 2:12, Phil Kessel (Was) for High sticking (Double Minor) at 14:02, Colten Teubert (Was) for Tripping (Minor) at 17:52

Goalie Stats

Tyler Weiman (NyI), 28 saves from 32 shots - (0.875), W, 3-3-0, 60:00 minutes
Cory Schneider (Was), 23 saves from 28 shots - (0.821), L, 2-3-1, 60:00 minutes

Players Stats for Islanders

Player Name              G  A  P  +/- PIM S  H  SB GA TA FO     MP     PP MP  PK MP  
------------------------------------------------------------------------------------
Adam Fox                 0  1  1   0  2   1  0  1  0  0  0/0    10:40   0:00   0:47 
Brandon Sutter           1  1  2   0  0   4  4  0  0  0  7/11   19:09   4:54   2:49 
Brayden Schenn           0  1  1   0  0   3  0  0  0  0  18/33  23:45   5:21   3:06 
Brian Ferlin             0  0  0  -1  0   0  0  1  3  0  0/0     8:10   1:50   0:00 
Brock McGinn             0  1  1   0  0   1  2  0  0  0  0/1    23:43   5:18   3:01 
Dylan McIlrath           0  0  0  -1  0   3  4  1  0  0  0/0    23:19   4:40   2:45 
Emerson Etem             0  1  1   0  2   1  1  1  1  0  0/0    10:54   1:50   0:11 
Gabriel Carlsson         0  0  0   0  0   0  0  0  0  1  0/0    10:24   0:00   0:10 
Garnet Hathaway          1  1  2   0  0   1  1  0  0  1  1/2    16:33   4:54   0:00 
Jamie Arniel             1  0  1  -1  0   1  1  0  1  0  2/7     7:22   0:00   0:29 
Jason Akeson             0  0  0   0  0   1  1  1  0  0  0/1     8:03   0:00   0:00 
Kellan Lain              0  1  1   0  0   1  2  1  0  0  0/0    19:08   4:54   2:18 
Michael Latta            1  0  1   0  0   4  1  1  0  0  4/6    10:14   1:53   0:00 
Nikita Zadorov           0  0  0   0  0   0  0  3  0  1  0/0    27:16   7:25   3:40 
Ryan Ellis               0  1  1   0  2   2  1  1  0  2  0/0    26:05   7:25   2:25 
Sergei Plotnikov         0  0  0  -1  0   2  1  0  0  0  0/0     6:16   0:00   0:00 
Vladimir Tarasenko       1  0  1   0  0   3  1  0  2  0  0/0    20:39   5:21   0:00 
Yann Sauvé               0  1  1  -1  0   0  0  0  0  1  0/0    22:20   4:40   2:07 

Players Stats for Capitals

Player Name              G  A  P  +/- PIM S  H  SB GA TA FO     MP     PP MP  PK MP  
------------------------------------------------------------------------------------
Alexei Marchenko         0  0  0   0  2   3  0  4  0  1  0/0    21:24   2:04   6:13 
Blake Pietila            0  0  0   0  0   3  5  0  1  0  0/0    17:27   2:40   2:19 
Bobby Ryan               0  0  0   0  0   1  1  1  0  1  0/0    15:05   2:40   0:00 
Brandon Burlon           0  0  0  -1  0   1  0  0  0  1  0/0    12:24   0:00   1:26 
Brandon Gormley          0  1  1   0  0   0  0  0  1  0  0/0    21:28   3:53   0:16 
Cody Hodgson             0  0  0   1  0   2  1  0  1  0  0/3    10:58   0:00   2:26 
Colten Teubert           0  1  1   0  2   1  2  0  2  0  0/0    16:14   0:00   4:26 
Jeff Skinner             0  0  0  -1  0   3  0  0  0  1  0/0     6:18   0:00   0:00 
Joe Colborne             0  0  0   0  0   1  0  0  1  0  8/19   21:22   2:40   6:17 
Jujhar Khaira            0  1  1   2  0   1  0  1  0  0  0/0    12:30   0:00   3:22 
Mike Green               0  1  1   1  0   1  0  1  0  1  0/0    21:32   2:04   6:33 
Nicklas Backstrom        0  1  1   0  0   0  1  0  0  0  15/31  17:24   3:17   0:00 
Patrick Kane             2  0  2   0  0   6  2  0  0  0  0/0    23:45   3:17   6:24 
Phil Kessel              0  0  0   1  6   1  1  0  0  0  0/0     8:34   0:00   0:00 
Sergey Kalinin           0  1  1   0  0   0  0  1  0  0  3/4    10:16   0:00   3:22 
Shea Theodore            0  0  0   2  0   2  2  2  0  2  0/0    27:01   3:53   5:16 
Steve Downie             1  0  1  -1  0   2  1  0  0  0  0/0     6:18   0:00   0:00 
Taylor Hall              1  1  2   1  4   4  1  1  0  0  3/4    17:49   3:17   0:00 

3 Stars

1 - Patrick Kane (Was)
2 - Brandon Sutter (NyI)
3 - Garnet Hathaway (NyI)

Power Play

Islanders - 2 on 7 Attempt(s) - 28.57%
Capitals - 0 on 3 Attempt(s) - 0.00%

Penalty Kill

Islanders - 3 on 3 Attempt(s) - 100.00% - Score 0 goal in Penalty Kill
Capitals - 5 on 7 Attempt(s) - 71.43% - Score 0 goal in Penalty Kill

Team Stat

Islanders - Hits : 20 - Faceoff Wins : 32 - Blocked Shots : 11 - Penalty Minutes : 6
Capitals - Hits : 17 - Faceoff Wins : 29 - Blocked Shots : 11 - Penalty Minutes : 14

Official

Referees : Mitch Dunning and Kelly Sutherland
Linesman : Steve Barton and Pierre Racicot

Game Notes

No Game Note

Finance

Level 1 -- Attendance: 5445 (90.75%) -- Ticket Income $544,500
Level 2 -- Attendance: 5000 (100.00%) -- Ticket Income $350,000
Level 3 -- Attendance: 2000 (100.00%) -- Ticket Income $80,000
Level 4 -- Attendance: 3948 (98.70%) -- Ticket Income $118,440
Luxury Box -- Attendance: 1000 (100.00%) -- Ticket Income $200,000
Game was played at the Capital One Arena.
Total Attendance: 17393 (96.63%)
Total Ticket Income: $1,292,940
Other Income: $193,941
Total Income: $1,486,881

Islanders

5 vs 5 Forward 
   Center                   Left Wing                Right Wing               Time % Phy DF OF 
 1 Brayden Schenn           Brock McGinn             Vladimir Tarasenko       40     1   2  2  
 2 Brandon Sutter           Kellan Lain              Garnet Hathaway          30     1   2  2  
 3 Michael Latta            Emerson Etem             Jason Akeson             20     1   2  2  
 4 Jamie Arniel             Sergei Plotnikov         Brian Ferlin             10     1   2  2  

5 vs 5 Defense 
   Defense                  Defense                                           Time % Phy DF OF 
 1 Ryan Ellis               Nikita Zadorov                                    40     1   2  2  
 2 Yann Sauvé               Dylan McIlrath                                    30     1   2  2  
 3 Adam Fox                 Gabriel Carlsson                                  20     1   2  2  
 4 Ryan Ellis               Nikita Zadorov                                    10     1   2  2  

PowerPlay Forward 
   Center                   Left Wing                Right Wing               Time % Phy DF OF 
 1 Brayden Schenn           Brock McGinn             Vladimir Tarasenko       60     1   2  2  
 2 Brandon Sutter           Kellan Lain              Garnet Hathaway          40     1   2  2  

PowerPlay Defense
   Defense                  Defense                                           Time % Phy DF OF 
 1 Ryan Ellis               Nikita Zadorov                                    60     1   2  2  
 2 Yann Sauvé               Dylan McIlrath                                    40     1   2  2  

Penalty Kill 4 Players Forward 
   Center                   Wing                     Time % Phy DF OF 
 1 Brayden Schenn           Brock McGinn             60     1   2  2  
 2 Brandon Sutter           Kellan Lain              40     1   2  2  

Penalty Kill 4 Players Defense
   Defense                  Defense                  Time % Phy DF OF 
 1 Ryan Ellis               Nikita Zadorov           60     1   2  2  
 2 Yann Sauvé               Dylan McIlrath           40     1   2  2  

Penalty Kill - 3 Players Forward 
   Forward                                           Time % Phy DF OF 
 1 Brayden Schenn                                    60     1   2  2  
 2 Brandon Sutter                                    40     1   2  2  

Penalty Kill - 3 Players Defense
   Defense                  Defense                  Time % Phy DF OF 
 1 Ryan Ellis               Nikita Zadorov           60     1   2  2  
 2 Yann Sauvé               Dylan McIlrath           40     1   2  2  

4 vs 4 Forward 
   Center                   Wing                     Time % Phy DF OF 
 1 Brayden Schenn           Brock McGinn             60     1   2  2  
 2 Brandon Sutter           Kellan Lain              40     1   2  2  

4 vs 4 Defense
   Defense                  Defense                  Time % Phy DF OF 
 1 Ryan Ellis               Nikita Zadorov           60     1   2  2  
 2 Yann Sauvé               Dylan McIlrath           40     1   2  2  

Last Minutes Offensive
   Center                   Left Wing                Right Wing               Defense                  Defense                  
   Brayden Schenn           Brock McGinn             Vladimir Tarasenko       Ryan Ellis               Nikita Zadorov           

Last Minutes Defensive
   Center                   Left Wing                Right Wing               Defense                  Defense                  
   Brayden Schenn           Brock McGinn             Vladimir Tarasenko       Ryan Ellis               Nikita Zadorov           

Goaltenders
Starting : Tyler Weiman             
Backup : Joonas Korpisalo         

Extra Forwards
Normal : Brandon Sutter, Michael Latta, Garnet Hathaway - PP : Brandon Sutter, Michael Latta - PK : Brandon Sutter
Extra Defensemen
Normal : Dylan McIlrath, Adam Fox, Gabriel Carlsson - PP : Dylan McIlrath - PK : Dylan McIlrath, Adam Fox
Penalty Shots
Vladimir Tarasenko, Brayden Schenn, Brock McGinn, Kellan Lain, Brandon Sutter
Custom OT Lines Forwards
Vladimir Tarasenko, Brayden Schenn, Brock McGinn, Kellan Lain, Brandon Sutter, Michael Latta, Garnet Hathaway, Jason Akeson, Emerson Etem, Jamie Arniel
Custom OT Lines Defensemen
Ryan Ellis, Nikita Zadorov, Yann Sauvé, Dylan McIlrath, Adam Fox

Scratches
Jordan Greenway (Healthy)

Capitals

5 vs 5 Forward 
   Center                   Left Wing                Right Wing               Time % Phy DF OF 
 1 Nicklas Backstrom        Taylor Hall              Patrick Kane             40     0   1  4  
 2 Joe Colborne             Blake Pietila            Bobby Ryan               30     0   1  4  
 3 Cody Hodgson             Jujhar Khaira            Phil Kessel              20     0   2  3  
 4 Sergey Kalinin           Jeff Skinner             Steve Downie             10     0   2  3  

5 vs 5 Defense 
   Defense                  Defense                                           Time % Phy DF OF 
 1 Brandon Gormley          Shea Theodore                                     35     0   3  2  
 2 Mike Green               Alexei Marchenko                                  30     0   3  2  
 3 Brandon Burlon           Colten Teubert                                    25     0   4  1  
 4 Brandon Gormley          Shea Theodore                                     10     0   3  2  

PowerPlay Forward 
   Center                   Left Wing                Right Wing               Time % Phy DF OF 
 1 Nicklas Backstrom        Taylor Hall              Patrick Kane             60     0   0  5  
 2 Joe Colborne             Blake Pietila            Bobby Ryan               40     0   0  5  

PowerPlay Defense
   Defense                  Defense                                           Time % Phy DF OF 
 1 Brandon Gormley          Shea Theodore                                     60     0   2  3  
 2 Mike Green               Alexei Marchenko                                  40     0   2  3  

Penalty Kill 4 Players Forward 
   Center                   Wing                     Time % Phy DF OF 
 1 Joe Colborne             Patrick Kane             60     0   4  1  
 2 Sergey Kalinin           Jujhar Khaira            40     0   4  1  

Penalty Kill 4 Players Defense
   Defense                  Defense                  Time % Phy DF OF 
 1 Alexei Marchenko         Mike Green               60     0   4  1  
 2 Shea Theodore            Colten Teubert           40     0   4  1  

Penalty Kill - 3 Players Forward 
   Forward                                           Time % Phy DF OF 
 1 Taylor Hall                                       60     0   5  0  
 2 Sergey Kalinin                                    40     0   5  0  

Penalty Kill - 3 Players Defense
   Defense                  Defense                  Time % Phy DF OF 
 1 Alexei Marchenko         Mike Green               60     0   5  0  
 2 Shea Theodore            Colten Teubert           40     0   5  0  

4 vs 4 Forward 
   Center                   Wing                     Time % Phy DF OF 
 1 Nicklas Backstrom        Patrick Kane             60     0   1  4  
 2 Joe Colborne             Taylor Hall              40     0   1  4  

4 vs 4 Defense
   Defense                  Defense                  Time % Phy DF OF 
 1 Brandon Gormley          Shea Theodore            60     0   3  2  
 2 Alexei Marchenko         Mike Green               40     0   3  2  

Last Minutes Offensive
   Center                   Left Wing                Right Wing               Defense                  Defense                  
   Nicklas Backstrom        Taylor Hall              Patrick Kane             Shea Theodore            Brandon Gormley          

Last Minutes Defensive
   Center                   Left Wing                Right Wing               Defense                  Defense                  
   Sergey Kalinin           Jujhar Khaira            Patrick Kane             Alexei Marchenko         Mike Green               

Goaltenders
Starting : Cory Schneider           
Backup : Chet Pickard             

Extra Forwards
Normal : Patrick Kane, Taylor Hall, Blake Pietila - PP : Taylor Hall, Blake Pietila - PK : Patrick Kane
Extra Defensemen
Normal : Brandon Gormley, Shea Theodore, Mike Green - PP : Shea Theodore - PK : Alexei Marchenko, Mike Green
Penalty Shots
Patrick Kane, Steve Downie, Cody Hodgson, Jeff Skinner, Taylor Hall
Custom OT Lines Forwards
Taylor Hall, Patrick Kane, Nicklas Backstrom, Bobby Ryan, Joe Colborne, Cody Hodgson, Blake Pietila, Jujhar Khaira, Phil Kessel, Jeff Skinner
Custom OT Lines Defensemen
Brandon Gormley, Shea Theodore, Mike Green, Alexei Marchenko, Colten Teubert

Scratches
None


% Time on Ice - Islanders

Lines # - Real PCT - Wanted PCT - Time Play
Normal Forward
1 - 38% - 40% - 16:04
2 - 27% - 30% - 11:31
3 - 19% - 20% - 8:03
4 - 15% - 10% - 6:16
Normal Defense
1 - 38% - 40% - 15:55
2 - 37% - 30% - 15:33
3 - 24% - 20% - 9:53
4 - 1% - 10% - 0:33
PP Forward
1 - 59% - 60% - 7:11
2 - 41% - 40% - 4:54
PP Defense
1 - 61% - 60% - 7:25
2 - 39% - 40% - 4:40
PK Forward
1 - 69% - 60% - 4:05
2 - 31% - 40% - 1:52
PK Defense
1 - 64% - 60% - 3:50
2 - 36% - 40% - 2:07
PK3 Forward
1 - 0% - 60%
2 - 0% - 40%
PK3 Defense
1 - 0% - 60%
2 - 0% - 40%
44 Forward
1 - 0% - 60%
2 - 0% - 40%
44 Defense
1 - 0% - 60%
2 - 0% - 40%
Last Minute Offensive  - 0:00
Last Minute Defensive  - 0:04
Total
Forward - 60:00
Defense - 60:00

% Time on Ice - Capitals

Lines # - Real PCT - Wanted PCT - Time Play
Normal Forward
1 - 34% - 40% - 14:04
2 - 31% - 30% - 13:01
3 - 20% - 20% - 8:32
4 - 15% - 10% - 6:18
Normal Defense
1 - 37% - 35% - 15:42
2 - 33% - 30% - 13:54
3 - 26% - 25% - 10:50
4 - 4% - 10% - 1:29
PP Forward
1 - 55% - 60% - 3:17
2 - 45% - 40% - 2:40
PP Defense
1 - 65% - 60% - 3:53
2 - 35% - 40% - 2:04
PK Forward
1 - 72% - 60% - 8:43
2 - 28% - 40% - 3:22
PK Defense
1 - 54% - 60% - 6:33
2 - 46% - 40% - 5:32
PK3 Forward
1 - 0% - 60%
2 - 0% - 40%
PK3 Defense
1 - 0% - 60%
2 - 0% - 40%
44 Forward
1 - 0% - 60%
2 - 0% - 40%
44 Defense
1 - 0% - 60%
2 - 0% - 40%
Last Minute Offensive  - 0:03
Last Minute Defensive  - 0:00
Total
Forward - 60:00
Defense - 60:00

Play-by-Play

1st period


0:01 of 1st period - Nicklas Backstrom wins face-off versus Brayden Schenn in neutral zone.
0:17 of 1st period - Nikita Zadorov is hit by Patrick Kane and loses puck.
0:36 of 1st period - Wrist shot by Blake Pietila.
0:36 of 1st period - Stopped by Tyler Weiman with a rebound.
0:38 of 1st period - Wrist shot by Alexei Marchenko.
0:38 of 1st period - Stopped by Tyler Weiman without a rebound.
0:39 of 1st period - Joe Colborne wins face-off versus Michael Latta in Islanders zone.
1:29 of 1st period - Vladimir Tarasenko is hit by Colten Teubert and loses puck.
1:50 of 1st period - Minor Penalty to Ryan Ellis for Tripping.
1:51 of 1st period - Brayden Schenn wins face-off versus Nicklas Backstrom in Islanders zone.
2:04 of 1st period - Wrist shot by Patrick Kane.
2:04 of 1st period - Shot Misses the Net.
3:26 of 1st period - Blake Pietila is hit by Dylan McIlrath and loses puck.
3:45 of 1st period - Brandon Gormley is hit by Dylan McIlrath and loses puck.
3:50 of 1st period - Penalty to Ryan Ellis is over, Ryan Ellis is back on ice.
4:08 of 1st period - Wrist shot by Cody Hodgson.
4:08 of 1st period - Shot Blocked by Michael Latta.
4:10 of 1st period - Snap shot by Cody Hodgson.
4:10 of 1st period - Stopped by Tyler Weiman without a rebound.
4:11 of 1st period - Sergey Kalinin wins face-off versus Jamie Arniel in Islanders zone.
4:14 of 1st period - Wrist shot by Steve Downie.
4:14 of 1st period - Shot Misses the Net.
4:20 of 1st period - Backhand shot by Steve Downie.
4:20 of 1st period - Stopped by Tyler Weiman without a rebound.
4:21 of 1st period - Sergey Kalinin wins face-off versus Jamie Arniel in Islanders zone.
4:58 of 1st period - Slapshot by Alexei Marchenko.
4:58 of 1st period - Shot Misses the Net.
5:26 of 1st period - Adam Fox is hit by Steve Downie and loses puck.
5:30 of 1st period - Icing by Adam Fox.
5:31 of 1st period - Nicklas Backstrom wins face-off versus Jamie Arniel in Islanders zone.
5:32 of 1st period - Slapshot by Taylor Hall.
5:32 of 1st period - Shot Misses the Net.
5:34 of 1st period - Snap shot by Taylor Hall.
5:34 of 1st period - Shot Blocked by Adam Fox.
5:36 of 1st period - Snap shot by Taylor Hall.
5:36 of 1st period - Shot Misses the Net.
5:38 of 1st period - Snap shot by Shea Theodore.
5:38 of 1st period - Shot Blocked by Brian Ferlin.
5:40 of 1st period - Snap shot by Patrick Kane.
5:40 of 1st period - Stopped by Tyler Weiman with a rebound.
5:47 of 1st period - Minor Penalty to Adam Fox for Tripping.
5:48 of 1st period - Brayden Schenn wins face-off versus Nicklas Backstrom in Islanders zone.
6:14 of 1st period - Brandon Sutter is hit by Blake Pietila and loses puck.
6:43 of 1st period - Snap shot by Brandon Sutter.
6:43 of 1st period - Stopped by Cory Schneider with a rebound.
7:04 of 1st period - Icing by Bobby Ryan.
7:05 of 1st period - Joe Colborne wins face-off versus Brayden Schenn in Capitals zone.
7:28 of 1st period - Icing by Mike Green.
7:29 of 1st period - Nicklas Backstrom wins face-off versus Brayden Schenn in Capitals zone.
7:34 of 1st period - Snap shot by Patrick Kane.
7:34 of 1st period - Shot Misses the Net.
7:36 of 1st period - Slapshot by Alexei Marchenko.
7:36 of 1st period - Stopped by Tyler Weiman without a rebound.
7:37 of 1st period - Joe Colborne wins face-off versus Brandon Sutter in Islanders zone.
7:47 of 1st period - Penalty to Adam Fox is over, Adam Fox is back on ice.
8:02 of 1st period - Brayden Schenn is hit by Nicklas Backstrom and loses puck.
8:47 of 1st period - Snap shot by Brandon Sutter.
8:47 of 1st period - Shot Misses the Net.
9:16 of 1st period - Backhand shot by Emerson Etem.
9:16 of 1st period - Shot Misses the Net.
9:26 of 1st period - Adam Fox is hit by Taylor Hall and loses puck.
9:45 of 1st period - Backhand shot by Patrick Kane.
9:45 of 1st period - Goal by Patrick Kane - Islanders : 0 - Capitals : 1.
9:46 of 1st period - Brayden Schenn wins face-off versus Nicklas Backstrom in neutral zone.
10:12 of 1st period - Kellan Lain is hit by Blake Pietila and loses puck.
10:39 of 1st period - Snap shot by Michael Latta.
10:39 of 1st period - Stopped by Cory Schneider without a rebound.
10:40 of 1st period - Nicklas Backstrom wins face-off versus Jason Akeson in Capitals zone.
10:45 of 1st period - Snap shot by Nicklas Backstrom.
10:45 of 1st period - Shot Misses the Net.
11:15 of 1st period - Wrist shot by Jason Akeson.
11:15 of 1st period - Stopped by Cory Schneider without a rebound.
11:16 of 1st period - Nicklas Backstrom wins face-off versus Brayden Schenn in Capitals zone.
11:25 of 1st period - Snap shot by Patrick Kane.
11:25 of 1st period - Stopped by Tyler Weiman without a rebound.
11:26 of 1st period - Nicklas Backstrom wins face-off versus Brayden Schenn in Islanders zone.
11:41 of 1st period - Vladimir Tarasenko is hit by Shea Theodore and loses puck.
12:18 of 1st period - Snap shot by Patrick Kane.
12:18 of 1st period - Goal by Patrick Kane - Islanders : 0 - Capitals : 2.
12:19 of 1st period - Garnet Hathaway wins face-off versus Joe Colborne in neutral zone.
12:22 of 1st period - Alexei Marchenko is hit by Garnet Hathaway.
12:50 of 1st period - Phil Kessel is hit by Emerson Etem and loses puck.
13:20 of 1st period - Slapshot by Ryan Ellis.
13:20 of 1st period - Deflect By Steve Downie.
13:20 of 1st period - Stopped by Cory Schneider without a rebound.
13:21 of 1st period - Brandon Sutter wins face-off versus Nicklas Backstrom in Capitals zone.
13:35 of 1st period - Minor Penalty to Taylor Hall for High sticking.
13:36 of 1st period - Brayden Schenn wins face-off versus Joe Colborne in Capitals zone.
13:42 of 1st period - Wrist shot by Vladimir Tarasenko.
13:42 of 1st period - Shot Misses the Net.
14:19 of 1st period - Jujhar Khaira is hit by Dylan McIlrath and loses puck.
15:00 of 1st period - Alexei Marchenko is hit by Brandon Sutter and loses puck.
15:14 of 1st period - Icing by Brock McGinn.
15:15 of 1st period - Sergey Kalinin wins face-off versus Brayden Schenn in Islanders zone.
15:16 of 1st period - Slapshot by Jujhar Khaira.
15:16 of 1st period - Shot Blocked by Ryan Ellis.
15:35 of 1st period - Penalty to Taylor Hall is over, Taylor Hall is back on ice.
15:44 of 1st period - Snap shot by Cody Hodgson.
15:44 of 1st period - Stopped by Tyler Weiman with a rebound.
15:46 of 1st period - Slapshot by Phil Kessel.
15:46 of 1st period - Deflect By Jujhar Khaira.
15:46 of 1st period - Shot Blocked by Emerson Etem.
15:46 of 1st period - Puck is out of play.
15:47 of 1st period - Michael Latta wins face-off versus Joe Colborne in Islanders zone.
15:47 of 1st period - Michael Latta is hit by Bobby Ryan.
16:31 of 1st period - Snap shot by Alexei Marchenko.
16:31 of 1st period - Shot Blocked by Nikita Zadorov.
16:33 of 1st period - Wrist shot by Alexei Marchenko.
16:33 of 1st period - Shot Misses the Net.
16:35 of 1st period - Snap shot by Mike Green.
16:35 of 1st period - Stopped by Tyler Weiman with a rebound.
16:37 of 1st period - Wrist shot by Bobby Ryan.
16:37 of 1st period - Shot Blocked by Nikita Zadorov.
16:41 of 1st period - Snap shot by Joe Colborne.
16:41 of 1st period - Shot Misses the Net.
17:01 of 1st period - Snap shot by Brandon Sutter.
17:01 of 1st period - Shot Misses the Net.
17:07 of 1st period - Brandon Sutter is hit by Blake Pietila and loses puck.
17:50 of 1st period - Wrist shot by Joe Colborne.
17:50 of 1st period - Stopped by Tyler Weiman with a rebound.
18:00 of 1st period - Slapshot by Joe Colborne.
18:00 of 1st period - Shot Misses the Net.
18:02 of 1st period - Wrist shot by Alexei Marchenko.
18:02 of 1st period - Shot Blocked by Nikita Zadorov.
18:16 of 1st period - Snap shot by Blake Pietila.
18:16 of 1st period - Stopped by Tyler Weiman without a rebound.
18:17 of 1st period - Brayden Schenn wins face-off versus Nicklas Backstrom in Islanders zone.
18:17 of 1st period - Brayden Schenn is hit by Patrick Kane.
18:29 of 1st period - Wrist shot by Vladimir Tarasenko.
18:29 of 1st period - Goal by Vladimir Tarasenko - Islanders : 1 - Capitals : 2.
18:30 of 1st period - Nicklas Backstrom wins face-off versus Brayden Schenn in neutral zone.
18:57 of 1st period - Jason Akeson is hit by Shea Theodore and loses puck.
19:04 of 1st period - Slapshot by Jujhar Khaira.
19:04 of 1st period - Shot Misses the Net.
19:46 of 1st period - Slapshot by Shea Theodore.
19:46 of 1st period - Deflect By Adam Fox.
19:46 of 1st period - Stopped by Tyler Weiman with a rebound.
19:48 of 1st period - Wrist shot by Taylor Hall.
19:48 of 1st period - Stopped by Tyler Weiman with a rebound.
Goals for this period are 1 for Islanders vs 2 for Capitals.
Shots for this period are 5 for Islanders vs 15 for Capitals.

2nd period


0:01 of 2nd period - Brayden Schenn wins face-off versus Nicklas Backstrom in neutral zone.
0:16 of 2nd period - Slapshot by Patrick Kane.
0:16 of 2nd period - Stopped by Tyler Weiman with a rebound.
0:26 of 2nd period - Phil Kessel is hit by Kellan Lain and loses puck.
0:35 of 2nd period - Snap shot by Brandon Sutter.
0:35 of 2nd period - Shot Misses the Net.
0:37 of 2nd period - Slapshot by Ryan Ellis.
0:37 of 2nd period - Stopped by Cory Schneider with a rebound.
0:55 of 2nd period - Bobby Ryan is hit by Jason Akeson and loses puck.
1:38 of 2nd period - Wrist shot by Jeff Skinner.
1:38 of 2nd period - Stopped by Tyler Weiman without a rebound.
1:39 of 2nd period - Nicklas Backstrom wins face-off versus Garnet Hathaway in Islanders zone.
1:42 of 2nd period - Snap shot by Patrick Kane.
1:42 of 2nd period - Shot Blocked by Kellan Lain.
3:04 of 2nd period - Snap shot by Nicklas Backstrom.
3:04 of 2nd period - Shot Blocked by Jason Akeson.
3:06 of 2nd period - Slapshot by Shea Theodore.
3:06 of 2nd period - Stopped by Tyler Weiman with a rebound.
3:16 of 2nd period - Wrist shot by Emerson Etem.
3:16 of 2nd period - Stopped by Cory Schneider without a rebound.
3:17 of 2nd period - Jamie Arniel wins face-off versus Sergey Kalinin in Capitals zone.
3:18 of 2nd period - Wrist shot by Sergei Plotnikov.
3:18 of 2nd period - Stopped by Cory Schneider with a rebound.
3:20 of 2nd period - Snap shot by Dylan McIlrath.
3:20 of 2nd period - Stopped by Cory Schneider without a rebound.
3:21 of 2nd period - Taylor Hall wins face-off versus Jamie Arniel in Capitals zone.
3:34 of 2nd period - Backhand shot by Patrick Kane.
3:34 of 2nd period - Shot Misses the Net.
3:36 of 2nd period - Wrist shot by Taylor Hall.
3:36 of 2nd period - Shot Misses the Net.
3:38 of 2nd period - Snap shot by Brandon Burlon.
3:38 of 2nd period - Deflect By Dylan McIlrath.
3:38 of 2nd period - Stopped by Tyler Weiman without a rebound.
3:39 of 2nd period - Brayden Schenn wins face-off versus Cody Hodgson in Islanders zone.
3:51 of 2nd period - Minor Penalty to Phil Kessel for Holding.
3:52 of 2nd period - Brayden Schenn wins face-off versus Joe Colborne in Capitals zone.
3:58 of 2nd period - Slapshot by Vladimir Tarasenko.
3:58 of 2nd period - Deflect By Brock McGinn.
3:58 of 2nd period - Shot Blocked by Alexei Marchenko.
3:58 of 2nd period - Puck is out of play.
3:59 of 2nd period - Joe Colborne wins face-off versus Brayden Schenn in Capitals zone.
3:59 of 2nd period - Joe Colborne is hit by Brock McGinn.
5:51 of 2nd period - Penalty to Phil Kessel is over, Phil Kessel is back on ice.
6:18 of 2nd period - Wrist shot by Jamie Arniel.
6:18 of 2nd period - Goal by Jamie Arniel - Islanders : 2 - Capitals : 2.
6:19 of 2nd period - Nicklas Backstrom wins face-off versus Brayden Schenn in neutral zone.
6:28 of 2nd period - Wrist shot by Taylor Hall.
6:28 of 2nd period - Shot Misses the Net.
6:46 of 2nd period - Bobby Ryan is hit by Dylan McIlrath and loses puck.
6:53 of 2nd period - Bobby Ryan is hit by Brandon Sutter and loses puck.
7:08 of 2nd period - Slapshot by Dylan McIlrath.
7:08 of 2nd period - Stopped by Cory Schneider with a rebound.
7:59 of 2nd period - Wrist shot by Brandon Sutter.
7:59 of 2nd period - Stopped by Cory Schneider with a rebound.
8:01 of 2nd period - Snap shot by Kellan Lain.
8:01 of 2nd period - Deflect By Patrick Kane.
8:01 of 2nd period - Shot Misses the Net.
8:01 of 2nd period - Puck is out of play.
8:02 of 2nd period - Nicklas Backstrom wins face-off versus Brayden Schenn in Capitals zone.
9:27 of 2nd period - Wrist shot by Steve Downie.
9:27 of 2nd period - Goal by Steve Downie - Islanders : 2 - Capitals : 3.
9:28 of 2nd period - Brayden Schenn wins face-off versus Nicklas Backstrom in neutral zone.
9:45 of 2nd period - Slapshot by Brock McGinn.
9:45 of 2nd period - Stopped by Cory Schneider with a rebound.
9:55 of 2nd period - Ryan Ellis is hit by Blake Pietila and loses puck.
10:43 of 2nd period - Wrist shot by Sergei Plotnikov.
10:43 of 2nd period - Stopped by Cory Schneider without a rebound.
10:44 of 2nd period - Nicklas Backstrom wins face-off versus Brock McGinn in Capitals zone.
11:01 of 2nd period - Slapshot by Taylor Hall.
11:01 of 2nd period - Deflect By Vladimir Tarasenko.
11:01 of 2nd period - Stopped by Tyler Weiman without a rebound.
11:02 of 2nd period - Joe Colborne wins face-off versus Brandon Sutter in Islanders zone.
11:07 of 2nd period - Wrist shot by Blake Pietila.
11:07 of 2nd period - Stopped by Tyler Weiman with a rebound.
11:09 of 2nd period - Snap shot by Bobby Ryan.
11:09 of 2nd period - Stopped by Tyler Weiman with a rebound.
11:11 of 2nd period - Wrist shot by Blake Pietila.
11:11 of 2nd period - Shot Blocked by Dylan McIlrath.
11:28 of 2nd period - Taylor Hall is hit by Brock McGinn and loses puck.
11:36 of 2nd period - Off-side.
11:37 of 2nd period - Taylor Hall wins face-off versus Brayden Schenn in neutral zone.
12:30 of 2nd period - Off-side.
12:31 of 2nd period - Brayden Schenn wins face-off versus Joe Colborne in neutral zone.
13:12 of 2nd period - Patrick Kane is hit by Kellan Lain and loses puck.
13:37 of 2nd period - Snap shot by Garnet Hathaway.
13:37 of 2nd period - Goal by Garnet Hathaway - Islanders : 3 - Capitals : 3.
13:38 of 2nd period - Brayden Schenn wins face-off versus Nicklas Backstrom in neutral zone.
14:07 of 2nd period - Icing by Bobby Ryan.
14:08 of 2nd period - Michael Latta wins face-off versus Joe Colborne in Capitals zone.
14:10 of 2nd period - Minor Penalty to Emerson Etem for Tripping.
14:11 of 2nd period - Brayden Schenn wins face-off versus Taylor Hall in Islanders zone.
15:42 of 2nd period - Nicklas Backstrom is hit by Ryan Ellis and loses puck.
16:10 of 2nd period - Penalty to Emerson Etem is over, Emerson Etem is back on ice.
16:30 of 2nd period - Snap shot by Jeff Skinner.
16:30 of 2nd period - Stopped by Tyler Weiman with a rebound.
16:40 of 2nd period - Dylan McIlrath is hit by Colten Teubert and loses puck.
17:31 of 2nd period - Brandon Burlon is hit by Sergei Plotnikov.
18:13 of 2nd period - Jeff Skinner is hit by Michael Latta and loses puck.
18:34 of 2nd period - Blake Pietila is hit by Brandon Sutter and loses puck.
18:47 of 2nd period - Brandon Gormley is hit by Jamie Arniel and loses puck.
19:05 of 2nd period - Brock McGinn is hit by Cody Hodgson and loses puck.
19:22 of 2nd period - Brandon Gormley is hit by Brandon Sutter and loses puck.
19:29 of 2nd period - Snap shot by Kellan Lain.
19:29 of 2nd period - Shot Misses the Net.
19:48 of 2nd period - Slapshot by Colten Teubert.
19:48 of 2nd period - Stopped by Tyler Weiman without a rebound.
19:49 of 2nd period - Nicklas Backstrom wins face-off versus Jamie Arniel in Islanders zone.
19:50 of 2nd period - Snap shot by Taylor Hall.
19:50 of 2nd period - Deflect By Patrick Kane.
19:50 of 2nd period - Shot Misses the Net.
19:50 of 2nd period - Puck is out of play.
19:51 of 2nd period - Jamie Arniel wins face-off versus Nicklas Backstrom in Islanders zone.
Goals for this period are 2 for Islanders vs 1 for Capitals.
Shots for this period are 10 for Islanders vs 10 for Capitals.

3rd period


0:01 of 3rd period - Nicklas Backstrom wins face-off versus Brayden Schenn in neutral zone.
0:07 of 3rd period - Icing by Ryan Ellis.
0:08 of 3rd period - Taylor Hall wins face-off versus Brayden Schenn in Islanders zone.
0:25 of 3rd period - Snap shot by Brock McGinn.
0:25 of 3rd period - Shot Misses the Net.
0:41 of 3rd period - Snap shot by Brayden Schenn.
0:41 of 3rd period - Deflect By Brock McGinn.
0:41 of 3rd period - Shot Blocked by Taylor Hall.
0:41 of 3rd period - Puck is out of play.
0:42 of 3rd period - Brandon Sutter wins face-off versus Joe Colborne in Capitals zone.
0:48 of 3rd period - Minor Penalty to Alexei Marchenko for Interference.
0:49 of 3rd period - Brayden Schenn wins face-off versus Joe Colborne in Capitals zone.
1:24 of 3rd period - Snap shot by Ryan Ellis.
1:24 of 3rd period - Shot Blocked by Sergey Kalinin.
1:26 of 3rd period - Snap shot by Brandon Sutter.
1:26 of 3rd period - Goal by Brandon Sutter - Islanders : 4 - Capitals : 3.
1:27 of 3rd period - Brayden Schenn wins face-off versus Nicklas Backstrom in neutral zone.
1:36 of 3rd period - Backhand shot by Brayden Schenn.
1:36 of 3rd period - Stopped by Cory Schneider with a rebound.
1:38 of 3rd period - Snap shot by Vladimir Tarasenko.
1:38 of 3rd period - Stopped by Cory Schneider with a rebound.
1:40 of 3rd period - Slapshot by Brock McGinn.
1:40 of 3rd period - Shot Blocked by Shea Theodore.
1:42 of 3rd period - Slapshot by Nikita Zadorov.
1:42 of 3rd period - Shot Blocked by Shea Theodore.
1:44 of 3rd period - Snap shot by Brayden Schenn.
1:44 of 3rd period - Stopped by Cory Schneider with a rebound.
2:12 of 3rd period - Minor Penalty to Taylor Hall for Boarding.
2:13 of 3rd period - Joe Colborne wins face-off versus Brayden Schenn in Capitals zone.
3:06 of 3rd period - Shea Theodore is hit by Vladimir Tarasenko and loses puck.
3:51 of 3rd period - Ryan Ellis is hit by Blake Pietila and loses puck.
4:12 of 3rd period - Penalty to Taylor Hall is over, Taylor Hall is back on ice.
4:21 of 3rd period - Snap shot by Brian Ferlin.
4:21 of 3rd period - Shot Misses the Net.
4:38 of 3rd period - Slapshot by Taylor Hall.
4:38 of 3rd period - Goal by Taylor Hall - Islanders : 4 - Capitals : 4.
4:39 of 3rd period - Brandon Sutter wins face-off versus Nicklas Backstrom in neutral zone.
5:13 of 3rd period - Wrist shot by Cody Hodgson.
5:13 of 3rd period - Shot Misses the Net.
5:15 of 3rd period - Slapshot by Cody Hodgson.
5:15 of 3rd period - Shot Misses the Net.
5:17 of 3rd period - Slapshot by Phil Kessel.
5:17 of 3rd period - Stopped by Tyler Weiman without a rebound.
5:18 of 3rd period - Joe Colborne wins face-off versus Brayden Schenn in Islanders zone.
5:24 of 3rd period - Off-side.
5:25 of 3rd period - Brayden Schenn wins face-off versus Joe Colborne in neutral zone.
5:52 of 3rd period - Wrist shot by Brayden Schenn.
5:52 of 3rd period - Stopped by Cory Schneider with a rebound.
7:32 of 3rd period - Wrist shot by Vladimir Tarasenko.
7:32 of 3rd period - Shot Blocked by Bobby Ryan.
7:58 of 3rd period - Wrist shot by Vladimir Tarasenko.
7:58 of 3rd period - Shot Misses the Net.
8:06 of 3rd period - Slapshot by Brayden Schenn.
8:06 of 3rd period - Shot Misses the Net.
8:08 of 3rd period - Slapshot by Dylan McIlrath.
8:08 of 3rd period - Stopped by Cory Schneider with a rebound.
8:54 of 3rd period - Slapshot by Brock McGinn.
8:54 of 3rd period - Deflect By Vladimir Tarasenko.
8:54 of 3rd period - Shot Misses the Net.
8:54 of 3rd period - Puck is out of play.
8:55 of 3rd period - Brandon Sutter wins face-off versus Nicklas Backstrom in Capitals zone.
8:56 of 3rd period - Snap shot by Kellan Lain.
8:56 of 3rd period - Stopped by Cory Schneider without a rebound.
8:57 of 3rd period - Brandon Sutter wins face-off versus Nicklas Backstrom in Capitals zone.
10:23 of 3rd period - Slapshot by Adam Fox.
10:23 of 3rd period - Stopped by Cory Schneider with a rebound.
10:25 of 3rd period - Wrist shot by Brandon Sutter.
10:25 of 3rd period - Shot Blocked by Alexei Marchenko.
10:27 of 3rd period - Snap shot by Brandon Sutter.
10:27 of 3rd period - Stopped by Cory Schneider with a rebound.
10:43 of 3rd period - Slapshot by Jeff Skinner.
10:43 of 3rd period - Stopped by Tyler Weiman without a rebound.
10:44 of 3rd period - Michael Latta wins face-off versus Nicklas Backstrom in Islanders zone.
10:51 of 3rd period - Slapshot by Taylor Hall.
10:51 of 3rd period - Stopped by Tyler Weiman without a rebound.
10:52 of 3rd period - Nicklas Backstrom wins face-off versus Michael Latta in Islanders zone.
11:17 of 3rd period - Brandon Sutter is hit by Phil Kessel and loses puck.
11:22 of 3rd period - Slapshot by Jujhar Khaira.
11:22 of 3rd period - Stopped by Tyler Weiman without a rebound.
11:23 of 3rd period - Nicklas Backstrom wins face-off versus Brandon Sutter in Islanders zone.
11:24 of 3rd period - Wrist shot by Patrick Kane.
11:24 of 3rd period - Stopped by Tyler Weiman without a rebound.
11:25 of 3rd period - Brandon Sutter wins face-off versus Nicklas Backstrom in Islanders zone.
11:52 of 3rd period - Slapshot by Adam Fox.
11:52 of 3rd period - Shot Blocked by Alexei Marchenko.
12:02 of 3rd period - Wrist shot by Michael Latta.
12:02 of 3rd period - Stopped by Cory Schneider with a rebound.
12:40 of 3rd period - Snap shot by Patrick Kane.
12:40 of 3rd period - Deflect By Nicklas Backstrom.
12:40 of 3rd period - Shot Misses the Net.
12:40 of 3rd period - Puck is out of play.
12:41 of 3rd period - Brandon Sutter wins face-off versus Nicklas Backstrom in Islanders zone.
13:09 of 3rd period - Off-side.
13:10 of 3rd period - Brayden Schenn wins face-off versus Cody Hodgson in neutral zone.
13:23 of 3rd period - Slapshot by Alexei Marchenko.
13:23 of 3rd period - Stopped by Tyler Weiman with a rebound.
13:49 of 3rd period - Snap shot by Brayden Schenn.
13:49 of 3rd period - Shot Blocked by Jujhar Khaira.
13:51 of 3rd period - Slapshot by Yann Sauvé.
13:51 of 3rd period - Shot Blocked by Alexei Marchenko.
13:53 of 3rd period - Wrist shot by Vladimir Tarasenko.
13:53 of 3rd period - Shot Misses the Net.
14:02 of 3rd period - Double Minor Penalty to Phil Kessel for High sticking.
14:03 of 3rd period - Joe Colborne wins face-off versus Brandon Sutter in Capitals zone.
15:51 of 3rd period - Snap shot by Michael Latta.
15:51 of 3rd period - Stopped by Cory Schneider without a rebound.
15:52 of 3rd period - Michael Latta wins face-off versus Joe Colborne in Capitals zone.
16:51 of 3rd period - Wrist shot by Michael Latta.
16:51 of 3rd period - Shot Blocked by Mike Green.
17:07 of 3rd period - Slapshot by Nikita Zadorov.
17:07 of 3rd period - Shot Misses the Net.
17:33 of 3rd period - Snap shot by Michael Latta.
17:33 of 3rd period - Goal by Michael Latta - Islanders : 5 - Capitals : 4.
17:34 of 3rd period - Brayden Schenn wins face-off versus Cody Hodgson in neutral zone.
17:52 of 3rd period - Minor Penalty to Colten Teubert for Tripping.
17:53 of 3rd period - Brayden Schenn wins face-off versus Joe Colborne in Capitals zone.
17:55 of 3rd period - Slapshot by Vladimir Tarasenko.
17:55 of 3rd period - Stopped by Cory Schneider with a rebound.
19:52 of 3rd period - Penalty to Colten Teubert is over, Colten Teubert is back on ice.
Goals for this period are 2 for Islanders vs 1 for Capitals.
Shots for this period are 13 for Islanders vs 7 for Capitals.